 Dungeon Crawl Stone Soup version 0.29-a0-1009-g60c99734e7 (webtiles) character file.

Game seed: 1862899016520270535

6789 Manisian the Summoner (level 11, -2/61 HPs)
             Began as a Tengu Summoner on Aug 8, 2022.
             Was an Elder of Sif Muna.
             Slain by a shadow (24 damage)
             ... on level 9 of the Dungeon.
             The game lasted 00:26:57 (10721 turns).

Manisian the Summoner (Tengu Summoner)             Turns: 10721, Time: 00:26:58

Health: -2/61      AC:  8    Str:  9    XL:     11   Next: 5%
Magic:  24/24      EV: 17    Int: 21    God:    Sif Muna [****..]
Gold:   179        SH:  0    Dex: 16    Spells: 13/26 levels left

rFire   . . .      SeeInvis .   A - +3 halberd
rCold   x . .      Faith    .   (shield currently unavailable)
rNeg    . . .      Spirit   .   B - +0 robe of the Soldier {+Inv rC- Int+3 Archmagi}
rPois   .          Reflect  .   K - +0 hat {Stlth+}
rElec   .          Harm     .   r - +0 cloak
rCorr   .          Rampage  .   m - +0 pair of gloves
Will    .....      Archmagi +   (boots unavailable)
Stlth   ++++......              (no amulet)
HPRegen 0.20/turn               q - +4 ring of protection
MPRegen 0.19/turn               u - ring of wizardry

@: flying quickly and evasively, quick
A: beak, talons 3, nimble flight
a: Renounce Religion, Evoke Invisibility, Channel Magic, Forget Spell, Divine
Exegesis


You were on level 9 of the Dungeon.
You worshipped Sif Muna.
Sif Muna was greatly pleased with you.
You visited 2 branches of the dungeon, and saw 10 of its levels.
You also visited: Ossuary.

You collected 541 gold pieces.
You spent 362 gold pieces at shops.

Inventory:

Hand Weapons
 b - a +1 shortbow of flaming
 d - a +3 dagger of draining
 i - a +0 spear
 x - the +5 hammer of Stickiness {venom, rF+ Str+3 Dex+2}
   (You found it on level 5 of the Dungeon)

   It poisons the flesh of those it strikes.
   Str:       It affects your strength (+3).
   Dex:       It affects your dexterity (+2).
   rF:        It protects you from fire.
 A - a +3 halberd (weapon)
 F - a +2 halberd
Armour
 m - a +0 pair of gloves (worn)
 r - a +0 cloak (worn)
 B - the +0 robe of the Soldier (worn) {+Inv rC- Int+3 Archmagi}
   (You bought it in a shop on level 6 of the Dungeon)

   Int:       It affects your intelligence (+3).
   rC:        It makes you vulnerable to cold.
   +Inv:      It lets you turn invisible.
   Archmagi:  It increases the power of your magical spells.
 K - a +0 hat of stealth (worn)
Jewellery
 j - a ring of see invisible
 q - a +4 ring of protection (left hand)
 s - an amulet of guardian spirit
 u - a ring of wizardry (right hand)
 C - a ring of resist corrosion
 D - a ring of positive energy
Wands
 n - a wand of roots (3)
 w - a wand of light (21)
Scrolls
 l - 2 scrolls of magic mapping
 t - 2 scrolls of fear
 v - 2 scrolls of amnesia
 y - 3 scrolls of teleportation
 H - a scroll of poison
 J - a scroll of fog
Potions
 c - 5 potions of brilliance
 e - a potion of lignification
 f - 2 potions of cancellation
 g - 3 potions of heal wounds
 h - 2 potions of degeneration
 k - 2 potions of attraction
 o - 4 potions of curing
 p - 2 potions of might
 z - a potion of berserk rage
 G - a potion of haste


   Skills:
 + Level 4.1 Fighting
 + Level 0.3 Short Blades
 + Level 8.2 Polearms
 + Level 4.8 Dodging
 + Level 4.8 Stealth
 + Level 8.1 Spellcasting
 + Level 1.9 Hexes
 + Level 11.1 Summonings
 + Level 4.5 Air Magic


You had 13 spell levels left.
You knew the following spells:

 Your Spells              Type           Power      Damage    Failure   Level
a - Summon Small Mammal   Summ           100%       N/A       1%          1
b - Call Imp              Summ           70%        N/A       1%          2
c - Call Canine Familiar  Summ           70%        N/A       1%          3
d - Summon Guardian Gole  Hex/Summ       52%        N/A       1%          3
e - Summon Lightning Spi  Summ/Air       58%        N/A       1%          4

Your spell library contained the following spells:

 Spells                   Type           Power      Damage    Failure   Level
 Magic Dart               Conj           48%        1d5       3%          1
 Searing Ray              Conj           24%        2d5       4%          2
 Tukima's Dance           Hex            24%        N/A       4%          3
 Portal Projectile        Hex/Tloc       36%        N/A       6%          3
 Fulminant Prism          Conj/Hex       9%         3d7       21%         4
 Leda's Liquefaction      Hex/Erth       9%         N/A       21%         4
 Passage of Golubria      Tloc           12%        N/A       30%         4
 Yara's Violent Unravell  Hex/Tmut       9%         3d6       50%         5


Dungeon Overview and Level Annotations

Branches:
Dungeon (9/15)             Temple (1/1) D:6         Ossuary (visited)
   Lair: D:8-11         Orc: D:9-12

Altars:
Ashenzari
Cheibriados
Dithmenos
Fedhas
Gozag
Hepliaklqana
Kikubaaqudgha
Makhleb
Nemelex Xobeh
Okawaru
Qazlal
Ru
Sif Muna
Trog
Uskayaw
Vehumet
Wu Jian
Xom
Yredelemnul
Zin
The Shining One

Shops:
D:6 *   D:7 [

Annotations:
D:7 2 transporters, IdlyInterested's ghost, novice DsFi


Innate Abilities, Weirdness & Mutations

You have a beak for a mouth.
You have claws for feet.
Your magical nature lets you fly swiftly and evasively.


Message History

Things that are here:
a +1 whip of flaming; a +0 leather armour; a gnoll corpse No target in view!
No target in view!
No target in view!
No target in view!
No target in view!
No target in view!
No target in view!
No target in view!
No target in view!
No target in view!
No target in view!
No target in view!
No target in view!
No target in view!
There is a strange disturbance nearby!
You miss something.
The shadow strikes at you from the darkness!
Reactivating autopickup.
The shadow slips into darkness.
The shadow flickers and vanishes!
Deactivating autopickup; reactivate with Ctrl-A.
You closely miss something.
The shadow strikes at you from the darkness!
Reactivating autopickup.
You hit the shadow. Your kick misses the shadow. You peck the shadow.
The shadow is lightly damaged.
The shadow hits you.
You hit the shadow. You claw the shadow. You peck the shadow, but do no damage.
The shadow is moderately damaged.
The shadow closely misses you.
You slash the shadow! You claw the shadow. You peck the shadow.
The shadow is severely damaged.
The shadow slips into darkness.
The shadow flickers and vanishes!
Deactivating autopickup; reactivate with Ctrl-A.
You hit something. Your kick misses something.
The shadow strikes at you from the darkness!
You die...

#............# ....
#.?........# #...#
.....#.##......##.#....#
......##.#....#.##.....#
#....#.#.#†.#.#.#.....#
#.....#.##..##.#.....#
##......##....##))....#
........#......#).....#
........#......#@.)...#
#.......##....##{.....#
##.....#.##..##.#.....#
#....#.#.#..#.# #....#
#....##.#....# .....#
#...#.##......# #....#
##..#.#..........# #...#
....##............# ...#
...#)..............


There were no monsters in sight!

Vanquished Creatures
  Grinder (D:6)
  Duvessa (D:7)
  A centaur (D:8)
  A lemure (D:7)
  A kobold brigand (D:8)
  2 bullfrogs
  A scorpion (D:7)
  2 gnoll boudas
  Terence (D:3)
  An orc wizard (D:4)
  A nameless horror (D:5)
  4 mummies (Ossuary)
  6 gnolls
  4 adders
  A white imp (D:6)
  An ufetubus (D:5)
  A dart slug (D:4)
  6 orcs
  3 endoplasms (D:4)
  4 gnoll zombies (Ossuary)
  4 goblins
  2 hobgoblins (D:1)
  3 kobolds
  A ball python (D:3)
  3 gnoll skeletons (Ossuary)
  5 goblin skeletons (Ossuary)
  4 goblin zombies (Ossuary)
  2 hobgoblin skeletons (Ossuary)
  3 hobgoblin zombies (Ossuary)
  8 kobold skeletons (Ossuary)
  5 kobold zombies (Ossuary)
  4 orc skeletons (Ossuary)
  7 orc zombies (Ossuary)
  2 rats (D:3)
  3 rat skeletons (Ossuary)
  2 rat zombies (Ossuary)
101 creatures vanquished.

Vanquished Creatures (collateral kills)
  Gastronok (D:8)
  Pikel (D:7)
  A troll (D:6)
  2 hornets
  Menkaure (D:7)
  A water moccasin (D:6)
  2 sky beasts
  An ice beast (D:7)
  An ogre (D:4)
  A centaur (D:3)
  2 kobold brigands
  A bullfrog (D:8)
  A necrophage (D:6)
  A gnoll sergeant (D:8)
  A scorpion (D:5)
  5 wights (D:7)
  Dowan (D:7)
  5 killer bees (D:7)
  2 hounds
  An iguana (D:5)
  5 orc priests
  5 orc wizards
  10 gnolls
  8 adders
  A white imp (D:6)
  3 worms
  11 orcs
  7 ball pythons
  10 endoplasms
  2 giant cockroaches (D:1)
  6 goblins
  6 hobgoblins
  3 jackals (D:4)
  2 quokkas
  2 bats
  4 frilled lizards
  17 kobolds
  8 rats
142 creatures vanquished.

Vanquished Creatures (others)
  2 two-headed ogres
  Edmund (D:5)
  An orc warrior (D:8)
  3 lemures (D:7)
  A bullfrog (D:7)
  A nameless horror (D:7)
  An orc priest (D:8)
  Crazy Yiuf (D:5)
  A gnoll (D:5)
  An adder (D:4)
  An orc (D:4)
  A hobgoblin (D:4)
  2 plants (D:7)
17 creatures vanquished.

Grand Total: 260 creatures vanquished

Notes
Turn   | Place    | Note
-------+----------+-------------------------------------------
     0 | D:1      | Manisian the Tengu Summoner began the quest for the Orb.
     0 | D:1      | Reached XP level 1. HP: 10/10 MP: 4/4
   114 | D:1      | Reached skill level 5 in Summonings
   241 | D:1      | Reached XP level 2. HP: 15/15 MP: 3/6
   244 | D:1      | Learned a level 2 spell: Call Imp
   895 | D:1      | Reached XP level 3. HP: 13/19 MP: 4/7
   899 | D:1      | Learned a level 3 spell: Call Canine Familiar
  1062 | D:1      | Found a faded altar of an unknown god.
  2091 | D:2      | Reached XP level 4. HP: 17/24 MP: 5/9
  2225 | D:2      | Reached skill level 6 in Summonings
  2862 | D:3      | Noticed a centaur
  2877 | D:3      | Killed a centaur
  2878 | D:3      | Gained mutation: Your magical nature lets you fly swiftly
                  | and evasively. [Tengu growth]
  2878 | D:3      | Reached XP level 5. HP: 14/28 MP: 7/11
  3100 | D:3      | Noticed Terence
  3119 | D:3      | Killed Terence
  3120 | D:3      | Reached skill level 7 in Summonings
  3180 | D:3      | Learned a level 3 spell: Summon Guardian Golem
  3631 | D:4      | Reached XP level 6. HP: 32/32 MP: 12/12
  4192 | D:4      | Found a shimmering blue altar of Sif Muna.
  4231 | D:4      | Reached XP level 7. HP: 25/36 MP: 14/14
  4239 | D:4      | Learned a level 4 spell: Summon Lightning Spire
  4240 | D:4      | Became a worshipper of Sif Muna the Loreminder
  4807 | D:4      | Found a sparkling altar of Nemelex Xobeh.
  4928 | D:4      | Found an iron altar of Okawaru.
  5056 | D:5      | Entered Level 5 of the Dungeon
  5331 | D:5      | Noticed Edmund
  5342 | D:5      | Killed Edmund
  5343 | D:5      | Reached skill level 1 in Fighting
  5343 | D:5      | Reached skill level 1 in Polearms
  5392 | D:5      | Found a runed translucent door.
  5393 | D:5      | Noticed Crazy Yiuf
  5500 | D:5      | Killed Crazy Yiuf
  5510 | D:5      | Identified the +5 hammer of Stickiness {venom, rF+ Str+3
                  | Dex+2}
  5610 | D:5      | Reached skill level 8 in Summonings
  5631 | D:5      | Reached skill level 5 in Spellcasting
  5790 | D:5      | Reached XP level 8. HP: 21/43 MP: 11/16
  6203 | D:6      | Found a staircase to the Ecumenical Temple.
  6241 | Temple   | Entered the Ecumenical Temple
  6351 | D:6      | Found Qiutuelu's Assorted Antiques.
  6406 | D:6      | Bought a potion of heal wounds for 155 gold pieces
  6406 | D:6      | Bought a silken robe for 176 gold pieces
  6406 | D:6      | Identified the +0 robe of the Soldier {+Inv rC- Int+3
                  | Archmagi} (You bought it in a shop on level 6 of the
                  | Dungeon)
  6406 | D:6      | Bought a scroll labelled IKAUBO MALIUSCH for 31 gold pieces
  6425 | D:6      | Found a radiant altar of Vehumet.
  6446 | D:6      | Reached * piety under Sif Muna
  6525 | D:6      | Noticed Grinder
  6562 | D:6      | Killed Grinder
  6658 | D:6      | Noticed a troll
  6668 | D:6      | Killed a troll
  6742 | D:6      | Found an ornate altar of the Wu Jian Council.
  6776 | D:6      | Reached skill level 9 in Summonings
  6801 | D:6      | Reached skill level 1 in Air Magic
  6806 | D:6      | Found a shimmering altar of Xom.
  7311 | D:7      | Noticed a hornet
  7311 | D:7      | Found Hekhio's Antique Armour Shop.
  7412 | D:7      | Noticed a two-headed ogre
  7424 | D:7      | Reached XP level 9. HP: 48/48 MP: 9/19
  7436 | D:7      | Killed a two-headed ogre
  7437 | D:7      | Reached skill level 1 in Hexes
  7442 | D:7      | Noticed Menkaure
  7447 | D:7      | Found a transporter.
  7456 | D:7      | Killed Menkaure
  7467 | D:7      | Found a transporter.
  7482 | D:7      | Reached skill level 5 in Polearms
  7711 | D:7      | Found an ancient bone altar of Kikubaaqudgha.
  7719 | D:7      | Noticed Pikel
  7746 | D:7      | Killed Pikel
  7747 | D:7      | Reached skill level 10 in Summonings
  7991 | D:7      | Noticed Duvessa
  7991 | D:7      | Noticed Dowan
  8021 | D:7      | Killed Dowan
  8022 | D:7      | Reached XP level 10. HP: 20/54 MP: 7/21
  8048 | D:7      | Killed Duvessa
  8658 | D:7      | Found a bloodstained altar of Trog.
  8672 | D:7      | Noticed IdlyInterested's ghost (novice DsFi)
  8698 | D:7      | Noticed a moth of wrath
  8732 | D:7      | Found a burning altar of Makhleb.
  8921 | D:8      | Found a sand-covered staircase.
  8931 | Ossuary  | Entered an ossuary
  8974 | Ossuary  | Reached ** piety under Sif Muna
  9231 | Ossuary  | Reached *** piety under Sif Muna
  9804 | D:8      | Noticed Gastronok
  9818 | D:8      | Killed Gastronok
 10047 | D:8      | Noticed a two-headed ogre
 10062 | D:8      | Killed a two-headed ogre
 10169 | D:8      | Reached skill level 11 in Summonings
 10171 | D:8      | Reached XP level 11. HP: 47/61 MP: 17/24
 10713 | D:9      | Reached **** piety under Sif Muna
 10721 | D:9      | Slain by a shadow

Illustrated notes

Levels and vault maps discovered:
D:1:      dpeg_arrival_leaves_temple_mockup, layout_basic,
          shapermc_ecumenical_altar_flowoftime, grunt_decor_mini_mirrors
D:2:      layout_rooms, minmay_cupped
D:3:      layout_rooms, serial_rivers, chequers_serial_rivers_micro_e,
          chequers_serial_rivers_micro_c, chequers_serial_rivers_micro_e,
          chequers_serial_rivers_micro_c, chequers_serial_rivers_micro_b,
          uniq_terence
D:4:      minmay_thinvault, layout_basic, kennysheep_mini,
          mainiacjoe_overflow_alcove_1, kennysheep_orc_sif_temple
D:5:      layout_rooms, uniq_edmund, uniq_crazy_yiuf_cottage
D:6:      layout_gridville, mainiacjoe_overflow_cross_hatched,
          nzn_wu_jian_council_hall, nicolae_overflow_crystal_walls,
          minmay_temple_entry_statues_pillars, serial_shops, shop, uniq_grinder
D:7:      layout_basic, mainiacjoe_overflow_alcove_4,
          mainiacjoe_overflow_catwalk, gammafunk_ghost_wrathful_warriors,
          serial_shops, nicolae_stop_n_shop_1, uniq_pikel, uniq_duvessa,
          uniq_menkaure
D:8:      layout_loops_ring, nicolae_ossuary_entry_ruins, uniq_gastronok
D:9:      layout_rooms, serial_shops, nicolae_shop_statue_plus,
          minmay_misc_feat_secret_circle, kennysheep_big_empty_room,
          minmay_statue_crystal_thing
Temple:   nicolae_temple_ecumenical_triangle

Skill      XL: |  1  2  3  4  5  6  7  8  9 10 |
---------------+-------------------------------+-----
Summonings     | 5 6 7 8 9 10 11 | 11.1
Spellcasting   | 3 4 5 6 7 8 |  8.1
Dodging        | 3 4 |  4.8
Fighting       | 1 2 4 |  4.1
Polearms       | 1 3 5 8 |  8.2
Stealth        | 3 4 |  4.8
Air Magic      | 1 3 4 |  4.5
Hexes          | 1 |  1.9
Short Blades   | |  0.3

Action                   |  1- 3 |  4- 6 |  7- 9 | 10-12 || total
-------------------------+-------+-------+-------+-------++-------
Melee: Unarmed           |    11 |       |       |       ||    11
       Kick              |     6 |     6 |    22 |    38 ||    72
       Dagger            |       |    12 |       |       ||    12
       Spear             |       |    55 |    73 |       ||   128
       Peck              |       |     4 |    16 |    21 ||    41
       Punch             |       |     1 |       |       ||     1
       Halberd           |       |       |    73 |   178 ||   251
 Cast: Summon Small Mamm |    56 |    24 |    15 |       ||    95
       Call Imp          |     7 |    12 |     9 |       ||    28
       Call Canine Famil |     1 |     8 |    12 |     3 ||    24
       Summon Guardian G |       |     3 |    15 |     9 ||    27
       Summon Lightning  |       |       |    11 |    14 ||    25
  Use: Scroll            |     2 |    10 |     7 |     7 ||    26
       Potion            |       |     3 |     2 |       ||     5
 Stab: Distracted        |       |     1 |       |     2 ||     3
       Sleeping          |       |       |     4 |     4 ||     8
Armor: Robe              |    11 |    24 |    38 |    34 ||   107
Dodge: Dodged            |    22 |    55 |    99 |   106 ||   282

Table legend: (Time is in decaauts)
 A = Elapsed time spent in this place.
 B = Non-inter-level travel time spent in this place.
 C = Inter-level travel time spent in this place.
 D = Time resting spent in this place.
 E = Time spent auto-exploring this place.
 F = Levels seen in this place.
 G = Mean time per level.
                   A        B        C        D        E       F      G
               +--------+--------+--------+--------+--------+-----+--------+
         Total |  10398 |   9955 |    443 |    118 |   7666 |  11 |  945.3 |
       Dungeon |   9793 |   9366 |    427 |     18 |   7389 |   9 | 1088.1 |
        Temple |     39 |     24 |     15 |      0 |     16 |   1 |   39.0 |
       Ossuary |    565 |    565 |      0 |    100 |    260 |   1 |  565.0 |
               +--------+--------+--------+--------+--------+-----+--------+

Top non-repeatable levels by time:
     D:1: 1711 daAuts
     D:4: 1482 daAuts
     D:7: 1427 daAuts
     D:6: 1282 daAuts
     D:8: 1096 daAuts
     D:5: 921 daAuts
     D:3: 875 daAuts
     D:2: 867 daAuts
 Ossuary: 565 daAuts
     D:9: 130 daAuts
  Temple: 39 daAuts
